AoeStats
← Spookball

Arabia

510057349Analyzed
1v1 RM · 4d ago on Sep 29, 2026· 21m 11s· 2 players
Game mode
Random Map
Map size
Tiny (2 player)
Population
200
Speed
Normal
Resources
Standard
Victory
Conquest
Starting age
Dark Age
Ending age
Imperial Age
RankedLock teamsTeams togetherTeam positionsShared explorationLock speedFull tech treeHidden civsTurbo modeCheats
Victory
Defeat
🇬🇧 Franks · United Kingdom
424
+16
🇨🇳 Huns · China
421
-16
QueenWss
2:05 Loom
12:09 Feudal Age
Spookball
4:14 Loom
11:59 Feudal Age
13:30 Wheelbarrow
12:42 Double-Bit Axe
17:47 Scale Barding Armor
18:20 Forging
21:28 Scale Mail Armor
21:18 Fletching
21:22 Gold Mining
21:23 Stone Mining
Connection lost

Rejoining the realm…

Still unreachable

The connection could not be restored.

Session expired

The server has moved on; the page needs a fresh start.